 Dungeon Crawl Stone Soup version 0.29.0-4-gdea44cf6ec (webtiles) character file.

Game seed: 11597453603404485689

44170 qw the Brawler (level 13, -7/128 (131) HPs)
             Began as a Troll Cinder Acolyte on Aug 31, 2022.
             Was a Believer of Okawaru.
             Mangled by a balrug
             ... wielding a +2 vampiric demon whip
              (22 damage)
             ... in a Gauntlet.
             The game lasted 00:08:41 (14123 turns).

qw the Brawler (Troll Cinder Acolyte)              Turns: 14123, Time: 00:08:42

HP:   -7/128 (131)  AC:  6    Str: 29    XL:     13   Next: 94%
MP:   13/15         EV: 14    Int: 10    God:    Okawaru [**....]
Gold: 814           SH:  0    Dex:  5    Spells: 14/14 levels left

rFire   . . .      SeeInvis .     - Unarmed
rCold   + . .      Faith    .   (no shield)
rNeg    . . .      Spirit   .   d - +2 robe {rC+ rF+}
rPois   +          Reflect  .   (helmet restricted)
rElec   .          Harm     .   m - scarf {repulsion}
rCorr   .          Rampage  .   (gloves unavailable)
Will    .....      NoTele   +   (boots unavailable)
Stlth   ++........              (no amulet)
HPRegen 1.11/turn               g - +4 ring of slaying {mikee}
MPRegen 0.14/turn               a - +4 ring of evasion

@: heroic, lightly drained, repel missiles, fire susceptible
A: large, unfitting armour, claws 3, regeneration 1, shaggy fur 1, tough skin 1,
poison resistance, (teleportitis 1), subdued magic 1
a: Renounce Religion, Heroism


You were in a Gauntlet.
You worshipped Okawaru.
Okawaru was pleased with you.
You visited 2 branches of the dungeon, and saw 16 of its levels.
You also visited: Ossuary and Gauntlet.

You collected 1334 gold pieces.
You spent 520 gold pieces at shops.


Innate Abilities, Weirdness & Mutations

You are too large for most types of armour.
You have claws for hands.
Your natural rate of healing is unusually fast.
You are covered in fur. (AC +1)
You have tough skin. (AC +1)
Your system is resistant to poisons. (rPois)
((You are occasionally teleported next to monsters.))
Your spells are a little easier to cast, but a little less powerful.


   Skills:
 - Level 9.1(14.1) Fighting
 - Level 3.0(8.0) Throwing
 - Level 2.0(7.0) Armour
 - Level 2.1(7.1) Dodging
 + Level 20.7(25.7) Unarmed Combat
 - Level 1.0 Spellcasting
 - Level 2.1 Fire Magic
 - Level 4.0 Invocations


You had 14 spell levels left.
You didn't know any spells.
Your spell library contained the following spells:

 Spells                   Type           Power      Damage    Failure   Level
 Scorch                   Fire           6%         2d5       19%         2

Inventory:

Missiles
 p - a boomerang (quivered)
Armour
 d - a +2 robe of resistance (worn)
 j - a +2 cloak of poison resistance
 m - a scarf of repulsion (worn)
 o - a +0 troll leather armour
Jewellery
 a - a +4 ring of evasion (right claw)
 g - a +4 ring of slaying (left claw) {mikee}
Scrolls
 c - 7 scrolls of identify
 h - 6 scrolls of teleportation
 i - 3 scrolls of enchant weapon
Potions
 f - 7 potions of haste
 k - 5 potions of curing
 l - a potion of might
 n - 2 potions of magic

Dungeon Overview and Level Annotations

Branches:
Dungeon (9/15)             Temple (0/1) D:5            Lair (5/5) D:8
 Shoals (0/4) Lair:3       Spider (0/4) Lair:3        Slime (0/5) Lair:5
Ossuary (visited)         Gauntlet (1/1)
    Orc: D:9-12

Altars:
Ashenzari
Cheibriados
Dithmenos
Elyvilon
Fedhas
Hepliaklqana
Kikubaaqudgha
Makhleb
Nemelex Xobeh
Okawaru
Ru
Sif Muna
Trog
Wu Jian
Xom
The Shining One
Jiyva
Lugonu

Shops:
D:2 (   D:3 ?   D:7 :   D:9 *

Portals:
Abyss: D:5

Annotations:
D:3 3 runed translucent doors, Crazy Yiuf; qw's ghost, amateur TrCA
D:4 2 runed translucent doors, qw's ghost, amateur TrCA
D:5 2 runed translucent doors
D:12 Jorgrun
Lair:3 2 transporters, qw's ghost, journeyman TeWr
Lair:5 1 runed translucent door Gauntlet 11 transporters, 21 runed translucent doors


Message History

Okawaru accepts your kill.
You start resting.
Magic restored.
You start resting.
You feel like a meek peon again.
HP restored.
Items here: %%% ) [.
The boggart shouts!
j - a +2 cloak of poison resistance Partly explored, unvisited transporter.
14098 ||| DROPPING +0 cloak.
You drop a +0 cloak.
Partly explored, unvisited transporter.
There is a transporter here.
You enter the transporter and appear at another place.
Partly explored, unvisited transporter.
The balrug shouts!
There is a transporter here.
You enter the transporter and appear at another place.
A balrug is nearby!
You mangle the balrug!!
The balrug is moderately wounded.
The balrug hits you with a +2 vampiric demon whip!!
You are engulfed in flames!!
The balrug draws strength from your wounds!
14120 ||| INVOKING Heroism.
You gain the combat prowess of a mighty hero.
The balrug hits you with a +2 vampiric demon whip!!
You are engulfed in flames!!
You mangle the balrug!!
The balrug is moderately wounded.
You eviscerate the balrug!!!
The balrug is almost dead.
The balrug gestures at you.
The fireball explodes!
The fireball engulfs you!!
The fireball engulfs the balrug.
The balrug completely resists.
14123 ||| DRINKING potion of heal wounds.
You feel much better.
The balrug hits you with a +2 vampiric demon whip!!
You are engulfed in flames!!
You die...

#.#...#~.............~.......
#.8.#..###########...######
#...#..#..)=^.(.2#...#.gx+.
#.8.####...#.#...#...#..g+.
#.....^#....#....#...#..##+
#.8.####.#..#..#.#.###?.+..
#.¤¤#..#.#######.#.#^#^.+..
#~8¤#..#.#.^#..#.#.#.#x.+..
#..#..@.#....#.#.#?.##+
#..#..2###...#.#.#g..+.
#..#.........#.#.#g..+.
###..#############.######
#8#......#^........#¤¤~~8
##~.....#########.######
#####..........#.#[...~
#8#..........#.#.~~~.
###########..#.#~.~..


You could see a balrug.

Vanquished Creatures
  Gastronok (Lair:3)
  A boulder beetle (Lair:1)
  2 catoblepae
  5 hydras
  An ogre mage (D:15)
  3 two-headed ogres (D:15)
  6 death yaks
  Pikel (D:8)
  A necromancer (Gauntlet)
  6 elephants
  2 merfolk sirens (Lair:3)
  A torpor snail (Lair:4)
  An ice statue (Gauntlet)
  3 black mambas
  9 cane toads
  5 komodo dragons
  Psyche (D:9)
  5 rime drakes
  A troll (D:9)
  2 merfolk (Lair:3)
  4 polar bears (Lair:5)
  7 hornets
  11 blink frogs
  13 spriggans (Lair:5)
  21 yaks
  Sigmund (D:3)
  A water elemental (D:15)
  7 wyverns
  6 basilisks
  14 water moccasins
  2 sky beasts
  4 orc warriors
  5 black bears
  5 boggarts (Lair:5)
  32 wolves
  5 centaurs
  4 ogres
  A lemure (D:8)
  4 kobold brigands
  16 bullfrogs
  A necrophage (D:6)
  4 scorpions
  13 wights
  2 killer bees (D:9)
  5 howler monkeys
  4 hounds
  A gnoll bouda (D:7)
  A jelly (D:6)
  7 orc priests
  4 iguanas
  7 orc wizards
  8 mummies (Ossuary)
  5 gnolls (D:7)
  8 adders
  A white imp (D:7)
  An ufetubus (D:5)
  8 worms
  2 dart slugs
  30 orcs
  4 ball pythons
  5 bats
  11 endoplasms
  2 giant cockroaches
  3 gnoll zombies (Ossuary)
  10 goblins
  9 hobgoblins
  4 quokkas
  2 frilled lizards
  2 hobgoblin zombies (Ossuary)
  12 kobolds
  2 kobold zombies (Ossuary)
  An orc zombie (Ossuary)
  8 rats
407 creatures vanquished.

Vanquished Creatures (others)
  52 fungi
  46 plants
  5 toadstools (D:7)
103 creatures vanquished.

Grand Total: 510 creatures vanquished

Notes
Turn   | Place    | Note
-------+----------+-------------------------------------------
     0 | D:1      | qw the Troll Cinder Acolyte began the quest for the Orb.
     0 | D:1      | Reached XP level 1. HP: 22/22 MP: 1/1
     0 | D:1      | 0 ||| qw: Version: 0.1-a-97-g2dd2ca4
     0 | D:1      | 0 ||| qw: Game counter: 4682
     0 | D:1      | 0 ||| qw: Always use a shield: true
     0 | D:1      | 0 ||| qw: God list: Okawaru
     0 | D:1      | 0 ||| qw: Allow faded altars: false
     0 | D:1      | 0 ||| qw: Do Orc after D:15 true
     0 | D:1      | 0 ||| qw: Do second Lair branch before Depths: true
     0 | D:1      | 0 ||| qw: Lair rune preference: random
     0 | D:1      | 0 ||| qw: Plans: Normal
     0 | D:1      | 0 ||| PLANNING D:1-11
   328 | D:1      | Reached XP level 2. HP: 29/29 MP: 2/2
   658 | D:1      | 658 ||| Stepping ~*~*~tactically~*~*~ (stealth).
   685 | D:1      | Reached skill level 4 in Unarmed Combat
   805 | D:1      | Found a shimmering altar of Xom.
   815 | D:1      | 815 ||| UPGRADING to +4 ring of slaying {mikee}.
   818 | D:1      | 818 ||| READING scroll labelled CUEDOL FIGA.
   825 | D:1      | 825 ||| READING scroll labelled NULIFI DAOG.
   831 | D:1      | 831 ||| READING 3 scrolls labelled ZORUNI ZEVVULE.
   832 | D:1      | 832 ||| READING scroll labelled HUIZUAROLEU.
   834 | D:1      | 834 ||| DROPPING 2 scrolls of noise.
   872 | D:2      | Found an iron altar of Okawaru.
   973 | D:2      | Reached XP level 3. HP: 36/36 MP: 3/3
   989 | D:2      | 989 ||| Stepping ~*~*~tactically~*~*~ (hiding).
  1126 | D:2      | Found Dodukk's Weapon Shoppe.
  1263 | D:2      | 1263 ||| Stepping ~*~*~tactically~*~*~ (outnumbered).
  1591 | D:2      | 1591 ||| READING scroll labelled XISERGH YPEKHLIN.
  1618 | D:3      | Noticed Sigmund
  1629 | D:3      | Killed Sigmund
  1630 | D:3      | Reached skill level 6 in Unarmed Combat
  1630 | D:3      | Reached XP level 4. HP: 27/44 MP: 4/4
  1630 | D:3      | Reached XP level 5. HP: 31/50 MP: 5/5
  1788 | D:3      | Found Uthouxki's Magic Scroll Shoppe.
  1794 | D:3      | 1794 ||| Stepping ~*~*~tactically~*~*~ (stealth).
  1795 | D:3      | 1795 ||| Stepping ~*~*~tactically~*~*~ (stealth).
  1806 | D:3      | 1806 ||| BUYING scroll of identify (20 gold).
  1806 | D:3      | Bought a scroll of identify for 20 gold pieces
  1806 | D:3      | 1806 ||| BUYING scroll of identify (20 gold).
  1806 | D:3      | Bought a scroll of identify for 20 gold pieces
  1807 | D:3      | Found a snail-covered altar of Cheibriados.
  1913 | D:3      | Found a large runed translucent door.
  1913 | D:3      | Found a large runed translucent door.
  1915 | D:3      | Noticed qw's ghost (amateur TrCA)
  1979 | D:3      | 1979 ||| Stepping ~*~*~tactically~*~*~ (stealth).
  1984 | D:3      | 1984 ||| Stepping ~*~*~tactically~*~*~ (stealth).
  1985 | D:3      | 1985 ||| Stepping ~*~*~tactically~*~*~ (stealth).
  2093 | D:3      | Found a runed translucent door.
  2094 | D:3      | Noticed Crazy Yiuf
  2330 | D:3      | Reached XP level 6. HP: 47/59 MP: 6/6
  2457 | D:3      | 2457 ||| READING scroll labelled HEFOIC IVEOKE.
  2458 | D:3      | 2458 ||| READING scroll labelled ENAPIDIYGH.
  2503 | D:3      | 2503 ||| READING scroll labelled MISKAM WOMOMOCS.
  2504 | D:3      | 2504 ||| READING scroll labelled GIUWIO YSKU.
  2532 | D:3      | 2532 ||| READING 3 scrolls of identify.
  2532 | D:3      | 2532 ||| IDENTIFYING purple potion
  2533 | D:3      | 2533 ||| READING 2 scrolls of identify.
  2533 | D:3      | 2533 ||| IDENTIFYING silvery potion
  2534 | D:3      | 2534 ||| DROPPING potion of attraction.
  2554 | D:4      | 2554 ||| PLANNING OSSUARY
  2587 | D:4      | Found a sand-covered staircase.
  2596 | Ossuary  | Entered an ossuary
  2605 | Ossuary  | 2605 ||| Stepping ~*~*~tactically~*~*~ (outnumbered).
  2606 | Ossuary  | 2606 ||| Stepping ~*~*~tactically~*~*~ (outnumbered).
  2629 | Ossuary  | 2629 ||| Stepping ~*~*~tactically~*~*~ (outnumbered).
  2630 | Ossuary  | 2630 ||| Stepping ~*~*~tactically~*~*~ (outnumbered).
  2632 | Ossuary  | 2632 ||| Stepping ~*~*~tactically~*~*~ (outnumbered).
  2634 | Ossuary  | 2634 ||| Stepping ~*~*~tactically~*~*~ (outnumbered).
  2635 | Ossuary  | 2635 ||| Stepping ~*~*~tactically~*~*~ (outnumbered).
  2642 | Ossuary  | Reached skill level 7 in Unarmed Combat
  2667 | Ossuary  | 2667 ||| Stepping ~*~*~tactically~*~*~ (outnumbered).
  2668 | Ossuary  | 2668 ||| Stepping ~*~*~tactically~*~*~ (outnumbered).
  2673 | Ossuary  | 2673 ||| Stepping ~*~*~tactically~*~*~ (outnumbered).
  2854 | Ossuary  | 2854 ||| READING scroll labelled LIQID WAXYNOZE.
  2855 | Ossuary  | 2855 ||| DRINKING 2 yellow potions.
  2856 | Ossuary  | 2856 ||| DRINKING 4 fizzy orange potions.
  2857 | Ossuary  | 2857 ||| READING 2 scrolls of identify.
  2857 | Ossuary  | 2857 ||| IDENTIFYING glowing brown potion
  2858 | Ossuary  | 2858 ||| DROPPING potion of degeneration.
  2859 | Ossuary  | 2859 ||| DROPPING potion of lignification.
  2880 | D:4      | 2880 ||| PLANNING D:1-11
  2967 | D:4      | 2967 ||| Stepping ~*~*~tactically~*~*~ (stealth).
  3062 | D:4      | Found a runed translucent door.
  3067 | D:4      | Noticed qw's ghost (amateur TrCA)
  3081 | D:4      | 3081 ||| Stepping ~*~*~tactically~*~*~ (stealth).
  3123 | D:4      | Found a hazy altar of Hepliaklqana.
  3411 | D:4      | Found a runed translucent door.
  3491 | D:4      | 3491 ||| READING 4 scrolls of teleportation.
  3567 | D:5      | Entered Level 5 of the Dungeon
  3602 | D:5      | Found a sparkling altar of Nemelex Xobeh.
  3606 | D:5      | Found a corrupted altar of Lugonu.
  3615 | D:5      | 3615 ||| Stepping ~*~*~tactically~*~*~ (outnumbered).
  3616 | D:5      | 3616 ||| Stepping ~*~*~tactically~*~*~ (outnumbered).
  3619 | D:5      | 3619 ||| INVOKING Fiery Armour.
  3619 | D:5      | HP: 13/59 [kobold/+2 short sword of distortion (7)]
  3620 | D:5      | 3620 ||| READING 3 scrolls of teleportation.
  3621 | D:5      | Found a large runed translucent door.
  3624 | D:5      | HP: 6/59 [kobold brigand/+2 dagger of distortion (5)]
  3624 | D:5      | HP: 1/59 [kobold brigand/+2 dagger of distortion (5)]
  3625 | D:5      | Reached skill level 8 in Unarmed Combat
  3625 | D:5      | Reached XP level 7. HP: 1/66 MP: 7/7
  3625 | D:5      | Found a blossoming altar of Fedhas.
  3835 | D:5      | 3835 ||| INVOKING Fiery Armour.
  3836 | D:5      | Reached skill level 3 in Fighting
  3987 | D:5      | Found a large runed translucent door.
  4037 | D:5      | 4037 ||| Stepping ~*~*~tactically~*~*~ (hiding).
  4038 | D:5      | 4038 ||| Stepping ~*~*~tactically~*~*~ (hiding).
  4050 | D:5      | Reached skill level 9 in Unarmed Combat
  4081 | D:5      | Found a staircase to the Ecumenical Temple.
  4144 | D:5      | 4144 ||| Stepping ~*~*~tactically~*~*~ (hiding).
  4623 | D:5      | 4623 ||| Stepping ~*~*~tactically~*~*~ (stealth).
  4666 | D:5      | Found a shimmering blue altar of Sif Muna.
  4745 | D:5      | Found a one-way gate to the infinite horrors of the Abyss.
  4804 | D:5      | 4804 ||| DROPPING ring of wizardry.
  4805 | D:5      | 4805 ||| READING scroll labelled HUKED NUTI.
  4806 | D:5      | 4806 ||| READING scroll labelled ELUC ASUUKI.
  4807 | D:5      | 4807 ||| READING 3 scrolls of identify.
  4807 | D:5      | 4807 ||| IDENTIFYING white potion
  4808 | D:5      | 4808 ||| READING 2 scrolls of identify.
  4808 | D:5      | 4808 ||| IDENTIFYING coppery potion
  4809 | D:5      | 4809 ||| DROPPING potion of berserk rage.
  4810 | D:5      | 4810 ||| DROPPING potion of magic.
  4848 | D:6      | 4848 ||| Stepping ~*~*~tactically~*~*~ (stealth).
  4928 | D:6      | Reached XP level 8. HP: 75/75 MP: 8/8
  5052 | D:6      | 5052 ||| Stepping ~*~*~tactically~*~*~ (hiding).
  5053 | D:6      | 5053 ||| Stepping ~*~*~tactically~*~*~ (hiding).
  5054 | D:6      | 5054 ||| Stepping ~*~*~tactically~*~*~ (hiding).
  5102 | D:6      | 5102 ||| Stepping ~*~*~tactically~*~*~ (stealth).
  5127 | D:6      | Reached skill level 10 in Unarmed Combat
  5189 | D:6      | Reached skill level 1 in Dodging
  5235 | D:6      | Found a burning altar of Makhleb.
  5243 | D:6      | Identified the +1 robe of the Stars {rN+ rCorr}
  5335 | D:6      | 5335 ||| Stepping ~*~*~tactically~*~*~ (stealth).
  5349 | D:6      | 5349 ||| FLEEEEING.
  5351 | D:6      | 5351 ||| FLEEEEING.
  5352 | D:6      | 5352 ||| FLEEEEING.
  5477 | D:6      | 5477 ||| Stepping ~*~*~tactically~*~*~ (stealth).
  5478 | D:6      | 5478 ||| Stepping ~*~*~tactically~*~*~ (stealth).
  5657 | D:6      | 5657 ||| UPGRADING to +1 robe of the Stars {rN+ rCorr}.
  5667 | D:6      | 5667 ||| DROPPING +0 robe.
  5668 | D:6      | 5668 ||| UPGRADING to ring of willpower.
  5730 | D:7      | Reached skill level 1 in Throwing
  5742 | D:7      | 5742 ||| Stepping ~*~*~tactically~*~*~ (hiding).
  5750 | D:7      | 5750 ||| Stepping ~*~*~tactically~*~*~ (hiding).
  5766 | D:7      | Reached skill level 11 in Unarmed Combat
  5795 | D:7      | 5795 ||| Stepping ~*~*~tactically~*~*~ (hiding).
  5803 | D:7      | Reached XP level 9. HP: 69/84 MP: 9/9
  5833 | D:7      | 5833 ||| Stepping ~*~*~tactically~*~*~ (hiding).
  5974 | D:7      | 5974 ||| Stepping ~*~*~tactically~*~*~ (hiding).
  6195 | D:7      | 6195 ||| Stepping ~*~*~tactically~*~*~ (hiding).
  6241 | D:7      | Found Viefemn's Book Shoppe.
  6285 | D:7      | Found a glowing golden altar of the Shining One.
  6304 | D:7      | Found a sacrificial altar of Ru.
  6532 | D:7      | Found a shimmering altar of Xom.
  6696 | D:7      | 6696 ||| UPGRADING to +4 ring of evasion.
  6698 | D:7      | 6698 ||| DROPPING ring of willpower.
  6699 | D:7      | 6699 ||| DRINKING 2 metallic brown potions.
  6699 | D:7      | Gained mutation: You are partially covered in large bone
                  | plates. (SH +4) [potion of mutation]
  6699 | D:7      | Gained mutation: You occasionally lose the ability to drink
                  | potions when taking damage. [potion of mutation]
  6700 | D:7      | 6700 ||| DRINKING potion of mutation.
  6700 | D:7      | Lost mutation: You are partially covered in large bone
                  | plates. (SH +4) [potion of mutation]
  6700 | D:7      | Lost mutation: You occasionally lose the ability to drink
                  | potions when taking damage. [potion of mutation]
  6700 | D:7      | Gained mutation: Your spells are a little easier to cast,
                  | but a little less powerful. [potion of mutation]
  6700 | D:7      | Gained mutation: You are occasionally teleported next to
                  | monsters. [potion of mutation]
  6700 | D:7      | Gained mutation: Your system is resistant to poisons.
                  | (rPois) [potion of mutation]
  6701 | D:7      | 6701 ||| READING 2 scrolls of identify.
  6701 | D:7      | 6701 ||| IDENTIFYING murky sapphire potion
  6755 | D:8      | Reached skill level 12 in Unarmed Combat
  6775 | D:8      | Found a staircase to the Lair.
  6810 | D:8      | 6810 ||| INVOKING Fiery Armour.
  6919 | D:8      | Found a broken altar of Ashenzari.
  6949 | D:8      | Reached skill level 13 in Unarmed Combat
  6952 | D:8      | 6952 ||| Stepping ~*~*~tactically~*~*~ (outnumbered).
  6953 | D:8      | 6953 ||| Stepping ~*~*~tactically~*~*~ (outnumbered).
  6954 | D:8      | 6954 ||| STAIRDANCE
  6956 | D:7      | 6956 ||| Stepping ~*~*~tactically~*~*~ (outnumbered).
  6985 | D:8      | 6985 ||| Stepping ~*~*~tactically~*~*~ (outnumbered).
  6986 | D:8      | 6986 ||| Stepping ~*~*~tactically~*~*~ (outnumbered).
  6987 | D:8      | 6987 ||| Stepping ~*~*~tactically~*~*~ (outnumbered).
  6992 | D:8      | Reached XP level 10. HP: 69/96 MP: 10/10
  7095 | D:8      | Found a shadowy altar of Dithmenos.
  7096 | D:8      | Noticed Pikel
  7103 | D:8      | 7103 ||| INVOKING Fiery Armour.
  7104 | D:8      | 7104 ||| Stepping ~*~*~tactically~*~*~ (outnumbered).
  7105 | D:8      | 7105 ||| Stepping ~*~*~tactically~*~*~ (outnumbered).
  7107 | D:8      | 7107 ||| Stepping ~*~*~tactically~*~*~ (outnumbered).
  7108 | D:8      | 7108 ||| Stepping ~*~*~tactically~*~*~ (outnumbered).
  7114 | D:8      | 7114 ||| Stepping ~*~*~tactically~*~*~ (outnumbered).
  7115 | D:8      | 7115 ||| Stepping ~*~*~tactically~*~*~ (outnumbered).
  7116 | D:8      | Killed Pikel
  7117 | D:8      | Reached skill level 14 in Unarmed Combat
  7303 | D:8      | Found an ornate altar of the Wu Jian Council.
  7415 | D:8      | Found a bloodstained altar of Trog.
  7469 | D:8      | 7469 ||| PLANNING LAIR
  7469 | D:8      | 7469 ||| DROPPING scarf of harm.
  7470 | D:8      | 7470 ||| READING 3 scrolls of identify.
  7470 | D:8      | 7470 ||| IDENTIFYING viscous cyan potion
  7471 | D:8      | 7471 ||| READING 2 scrolls of identify.
  7471 | D:8      | 7471 ||| IDENTIFYING murky clear potion
  7472 | D:8      | 7472 ||| DROPPING potion of ambrosia.
  7519 | Lair:1   | Entered Level 1 of the Lair of Beasts
  7677 | Lair:1   | Reached skill level 6 in Fighting
  7696 | Lair:1   | Noticed a boulder beetle
  7697 | Lair:1   | 7697 ||| INVOKING Fiery Armour.
  7709 | Lair:1   | Killed a boulder beetle
  7729 | Lair:1   | Noticed a five-headed hydra
  7736 | Lair:1   | Killed a seven-headed hydra
  7759 | Lair:1   | Noticed a catoblepas
  7766 | Lair:1   | Killed a catoblepas
  7767 | Lair:1   | Reached skill level 15 in Unarmed Combat
  8047 | Lair:1   | 8047 ||| UPGRADING to +0 cloak.
  8074 | Lair:2   | Noticed a black mamba
  8080 | Lair:2   | 8080 ||| Stepping ~*~*~tactically~*~*~ (stealth).
  8087 | Lair:2   | Killed a black mamba
  8088 | Lair:2   | Reached skill level 1 in Armour
  8088 | Lair:2   | Reached XP level 11. HP: 64/105 MP: 11/11
  8144 | Lair:2   | 8144 ||| INVOKING Fiery Armour.
  8324 | Lair:2   | Found an ancient bone altar of Kikubaaqudgha.
  8361 | Lair:2   | 8361 ||| Stepping ~*~*~tactically~*~*~ (stealth).
  8365 | Lair:2   | 8365 ||| INVOKING Fiery Armour.
  8414 | Lair:2   | Reached skill level 16 in Unarmed Combat
  8466 | Lair:2   | Noticed a four-headed hydra
  8473 | Lair:2   | Killed a seven-headed hydra
  8610 | Lair:2   | 8610 ||| Stepping ~*~*~tactically~*~*~ (stealth).
  8619 | Lair:2   | 8619 ||| Stepping ~*~*~tactically~*~*~ (outnumbered).
  8662 | Lair:2   | 8662 ||| Stepping ~*~*~tactically~*~*~ (hiding).
  9022 | Lair:3   | Noticed a five-headed hydra
  9024 | Lair:3   | 9024 ||| INVOKING Fiery Armour.
  9033 | Lair:3   | Killed a nine-headed hydra
  9034 | Lair:3   | Reached skill level 17 in Unarmed Combat
  9164 | Lair:3   | Found a transporter.
  9204 | Lair:3   | 9204 ||| Stepping ~*~*~tactically~*~*~ (stealth).
  9207 | Lair:3   | 9207 ||| Stepping ~*~*~tactically~*~*~ (stealth).
  9216 | Lair:3   | 9216 ||| Stepping ~*~*~tactically~*~*~ (outnumbered).
  9217 | Lair:3   | 9217 ||| Stepping ~*~*~tactically~*~*~ (outnumbered).
  9218 | Lair:3   | 9218 ||| Stepping ~*~*~tactically~*~*~ (outnumbered).
  9219 | Lair:3   | 9219 ||| Stepping ~*~*~tactically~*~*~ (outnumbered).
  9220 | Lair:3   | 9220 ||| Stepping ~*~*~tactically~*~*~ (outnumbered).
  9226 | Lair:3   | 9226 ||| Stepping ~*~*~tactically~*~*~ (outnumbered).
  9228 | Lair:3   | 9228 ||| Stepping ~*~*~tactically~*~*~ (outnumbered).
  9229 | Lair:3   | 9229 ||| Stepping ~*~*~tactically~*~*~ (outnumbered).
  9230 | Lair:3   | 9230 ||| Stepping ~*~*~tactically~*~*~ (outnumbered).
  9231 | Lair:3   | 9231 ||| Stepping ~*~*~tactically~*~*~ (outnumbered).
  9244 | Lair:3   | Reached XP level 12. HP: 82/118 MP: 12/12
  9323 | Lair:3   | 9323 ||| Stepping ~*~*~tactically~*~*~ (hiding).
  9325 | Lair:3   | 9325 ||| Stepping ~*~*~tactically~*~*~ (hiding).
  9327 | Lair:3   | 9327 ||| Stepping ~*~*~tactically~*~*~ (hiding).
  9330 | Lair:3   | 9330 ||| Stepping ~*~*~tactically~*~*~ (hiding).
  9460 | Lair:3   | Found a staircase to the Shoals.
  9502 | Lair:3   | Found a hole to the Spider Nest.
  9627 | Lair:3   | Found a transporter.
  9630 | Lair:3   | Noticed qw's ghost (journeyman TeWr)
  9633 | Lair:3   | Found a bloodstained altar of Trog.
  9660 | Lair:3   | Noticed Gastronok
  9663 | Lair:3   | 9663 ||| Stepping ~*~*~tactically~*~*~ (hiding).
  9664 | Lair:3   | 9664 ||| Stepping ~*~*~tactically~*~*~ (hiding).
  9672 | Lair:3   | Killed Gastronok
  9858 | Lair:3   | Reached skill level 18 in Unarmed Combat
 10009 | Lair:3   | 10009 ||| UPGRADING to scarf of repulsion.
 10019 | Lair:3   | 10019 ||| READING scroll labelled CEISOW ALAOZO.
 10035 | Lair:4   | 10035 ||| INVOKING Fiery Armour.
 10037 | Lair:4   | 10037 ||| STAIRDANCE
 10041 | Lair:4   | 10041 ||| STAIRDANCE
 10045 | Lair:4   | 10045 ||| STAIRDANCE
 10060 | Lair:4   | 10060 ||| STAIRDANCE
 10110 | Lair:4   | 10110 ||| Stepping ~*~*~tactically~*~*~ (hiding).
 10117 | Lair:4   | 10117 ||| DRINKING 2 potions of cancellation.
 10126 | Lair:4   | Noticed a death yak
 10128 | Lair:4   | 10128 ||| Stepping ~*~*~tactically~*~*~ (stealth).
 10132 | Lair:4   | Killed a death yak
 10184 | Lair:4   | 10184 ||| Stepping ~*~*~tactically~*~*~ (hiding).
 10336 | Lair:4   | Noticed a catoblepas
 10337 | Lair:4   | 10337 ||| Stepping ~*~*~tactically~*~*~ (cloud).
 10338 | Lair:4   | 10338 ||| INVOKING Fiery Armour.
 10339 | Lair:4   | 10339 ||| Stepping ~*~*~tactically~*~*~ (cloud).
 10341 | Lair:4   | 10341 ||| Stepping ~*~*~tactically~*~*~ (cloud).
 10349 | Lair:4   | 10349 ||| Stepping ~*~*~tactically~*~*~ (cloud).
 10350 | Lair:4   | Killed a catoblepas
 10403 | Lair:4   | 10403 ||| FLEEEEING.
 10404 | Lair:4   | 10404 ||| FLEEEEING.
 10405 | Lair:4   | 10405 ||| FLEEEEING.
 10406 | Lair:4   | 10406 ||| FLEEEEING.
 10407 | Lair:4   | 10407 ||| FLEEEEING.
 10408 | Lair:4   | 10408 ||| FLEEEEING.
 10409 | Lair:4   | 10409 ||| FLEEEEING.
 10410 | Lair:4   | 10410 ||| FLEEEEING.
 10411 | Lair:4   | 10411 ||| FLEEEEING.
 10412 | Lair:4   | 10412 ||| FLEEEEING.
 10413 | Lair:4   | 10413 ||| FLEEEEING.
 10414 | Lair:4   | 10414 ||| FLEEEEING.
 10415 | Lair:4   | 10415 ||| FLEEEEING.
 10416 | Lair:4   | 10416 ||| STAIRDANCE
 10424 | Lair:4   | 10424 ||| STAIRDANCE
 10537 | Lair:4   | 10537 ||| Stepping ~*~*~tactically~*~*~ (stealth).
 10857 | Lair:5   | Entered Level 5 of the Lair of Beasts
 10931 | Lair:5   | 10931 ||| INVOKING Fiery Armour.
 10932 | Lair:5   | 10932 ||| Stepping ~*~*~tactically~*~*~ (outnumbered).
 10933 | Lair:5   | 10933 ||| Stepping ~*~*~tactically~*~*~ (outnumbered).
 10934 | Lair:5   | 10934 ||| Stepping ~*~*~tactically~*~*~ (stealth).
 10947 | Lair:5   | 10947 ||| Stepping ~*~*~tactically~*~*~ (outnumbered).
 10957 | Lair:5   | 10957 ||| FLEEEEING.
 10958 | Lair:5   | 10958 ||| FLEEEEING.
 10959 | Lair:5   | 10959 ||| FLEEEEING.
 10960 | Lair:5   | 10960 ||| FLEEEEING.
 10963 | Lair:5   | Reached skill level 19 in Unarmed Combat
 10972 | Lair:5   | 10972 ||| Stepping ~*~*~tactically~*~*~ (stealth).
 10980 | Lair:5   | 10980 ||| Stepping ~*~*~tactically~*~*~ (stealth).
 10981 | Lair:5   | 10981 ||| Stepping ~*~*~tactically~*~*~ (stealth).
 10983 | Lair:5   | 10983 ||| Stepping ~*~*~tactically~*~*~ (stealth).
 10984 | Lair:5   | Found a runed translucent door.
 11018 | Lair:5   | 11018 ||| DRINKING potion of cancellation.
 11117 | Lair:5   | 11117 ||| Stepping ~*~*~tactically~*~*~ (stealth).
 11124 | Lair:5   | 11124 ||| INVOKING Fiery Armour.
 11137 | Lair:5   | 11137 ||| FLEEEEING.
 11138 | Lair:5   | 11138 ||| FLEEEEING.
 11139 | Lair:5   | 11139 ||| FLEEEEING.
 11140 | Lair:5   | 11140 ||| FLEEEEING.
 11141 | Lair:5   | 11141 ||| FLEEEEING.
 11142 | Lair:5   | 11142 ||| FLEEEEING.
 11143 | Lair:5   | 11143 ||| FLEEEEING.
 11144 | Lair:5   | 11144 ||| FLEEEEING.
 11145 | Lair:5   | 11145 ||| FLEEEEING.
 11146 | Lair:5   | 11146 ||| FLEEEEING.
 11147 | Lair:5   | 11147 ||| FLEEEEING.
 11148 | Lair:5   | 11148 ||| FLEEEEING.
 11149 | Lair:5   | 11149 ||| FLEEEEING.
 11150 | Lair:5   | 11150 ||| FLEEEEING.
 11163 | Lair:5   | Reached skill level 9 in Fighting
 11163 | Lair:5   | Reached XP level 13. HP: 90/131 MP: 13/13
 11166 | Lair:5   | 11166 ||| FLEEEEING.
 11167 | Lair:5   | 11167 ||| FLEEEEING.
 11168 | Lair:5   | 11168 ||| FLEEEEING.
 11169 | Lair:5   | 11169 ||| FLEEEEING.
 11170 | Lair:5   | 11170 ||| FLEEEEING.
 11171 | Lair:5   | 11171 ||| FLEEEEING.
 11172 | Lair:5   | 11172 ||| FLEEEEING.
 11173 | Lair:5   | 11173 ||| FLEEEEING.
 11192 | Lair:5   | 11192 ||| Stepping ~*~*~tactically~*~*~ (stealth).
 11215 | Lair:5   | 11215 ||| Stepping ~*~*~tactically~*~*~ (stealth).
 11228 | Lair:5   | 11228 ||| Stepping ~*~*~tactically~*~*~ (stealth).
 11244 | Lair:5   | Identified the +1 scale mail of Muas {rC+ Str+3 Dex+4}
 11254 | Lair:5   | 11254 ||| Stepping ~*~*~tactically~*~*~ (stealth).
 11256 | Lair:5   | 11256 ||| Stepping ~*~*~tactically~*~*~ (stealth).
 11266 | Lair:5   | 11266 ||| INVOKING Fiery Armour.
 11365 | Lair:5   | 11365 ||| Stepping ~*~*~tactically~*~*~ (stealth).
 11367 | Lair:5   | 11367 ||| Stepping ~*~*~tactically~*~*~ (stealth).
 11369 | Lair:5   | 11369 ||| Stepping ~*~*~tactically~*~*~ (stealth).
 11396 | Lair:5   | 11396 ||| Stepping ~*~*~tactically~*~*~ (outnumbered).
 11478 | Lair:5   | 11478 ||| Stepping ~*~*~tactically~*~*~ (stealth).
 11556 | Lair:5   | 11556 ||| Stepping ~*~*~tactically~*~*~ (stealth).
 11558 | Lair:5   | 11558 ||| Stepping ~*~*~tactically~*~*~ (stealth).
 11561 | Lair:5   | 11561 ||| Stepping ~*~*~tactically~*~*~ (stealth).
 11571 | Lair:5   | 11571 ||| Stepping ~*~*~tactically~*~*~ (outnumbered).
 11579 | Lair:5   | 11579 ||| FLEEEEING.
 11580 | Lair:5   | 11580 ||| FLEEEEING.
 11581 | Lair:5   | 11581 ||| FLEEEEING.
 11582 | Lair:5   | 11582 ||| FLEEEEING.
 11583 | Lair:5   | 11583 ||| FLEEEEING.
 11584 | Lair:5   | 11584 ||| FLEEEEING.
 11586 | Lair:5   | 11586 ||| FLEEEEING.
 11587 | Lair:5   | 11587 ||| FLEEEEING.
 11588 | Lair:5   | 11588 ||| FLEEEEING.
 11589 | Lair:5   | 11589 ||| FLEEEEING.
 11590 | Lair:5   | 11590 ||| FLEEEEING.
 11591 | Lair:5   | 11591 ||| FLEEEEING.
 11592 | Lair:5   | 11592 ||| FLEEEEING.
 11593 | Lair:5   | 11593 ||| FLEEEEING.
 11594 | Lair:5   | 11594 ||| FLEEEEING.
 11595 | Lair:5   | 11595 ||| FLEEEEING.
 11596 | Lair:5   | 11596 ||| FLEEEEING.
 11597 | Lair:5   | 11597 ||| FLEEEEING.
 11598 | Lair:5   | 11598 ||| FLEEEEING.
 11599 | Lair:5   | 11599 ||| FLEEEEING.
 11600 | Lair:5   | 11600 ||| FLEEEEING.
 11601 | Lair:5   | 11601 ||| FLEEEEING.
 11602 | Lair:5   | 11602 ||| FLEEEEING.
 11603 | Lair:5   | 11603 ||| FLEEEEING.
 11604 | Lair:5   | 11604 ||| FLEEEEING.
 11605 | Lair:5   | 11605 ||| FLEEEEING.
 11606 | Lair:5   | 11606 ||| FLEEEEING.
 11607 | Lair:5   | 11607 ||| FLEEEEING.
 11608 | Lair:5   | 11608 ||| FLEEEEING.
 11609 | Lair:5   | 11609 ||| FLEEEEING.
 11610 | Lair:5   | 11610 ||| FLEEEEING.
 11611 | Lair:5   | 11611 ||| FLEEEEING.
 11612 | Lair:5   | 11612 ||| FLEEEEING.
 11613 | Lair:5   | 11613 ||| FLEEEEING.
 11614 | Lair:5   | 11614 ||| FLEEEEING.
 11615 | Lair:5   | 11615 ||| FLEEEEING.
 11616 | Lair:5   | 11616 ||| FLEEEEING.
 11617 | Lair:5   | 11617 ||| FLEEEEING.
 11618 | Lair:5   | 11618 ||| FLEEEEING.
 11619 | Lair:5   | 11619 ||| FLEEEEING.
 11620 | Lair:5   | 11620 ||| FLEEEEING.
 11621 | Lair:5   | 11621 ||| FLEEEEING.
 11622 | Lair:5   | 11622 ||| FLEEEEING.
 11625 | Lair:5   | 11625 ||| Stepping ~*~*~tactically~*~*~ (outnumbered).
 11633 | Lair:5   | Reached skill level 20 in Unarmed Combat
 11679 | Lair:5   | Found a viscous altar of Jiyva.
 11679 | Lair:5   | Found a staircase to the Slime Pits.
 11679 | Lair:5   | Noticed an azure jelly
 11679 | Lair:5   | Noticed an azure jelly
 11680 | Lair:5   | 11680 ||| PLANNING CONVERSION TO OKAWARU
 11918 | D:2      | Fell from the grace of Ignis
 11918 | D:2      | Became a worshipper of Warmaster Okawaru
 11919 | D:2      | 11919 ||| PLANNING LAIR
 12249 | Lair:5   | 12249 ||| Stepping ~*~*~tactically~*~*~ (stealth).
 12484 | Lair:5   | 12484 ||| PLANNING D:1-11
 12615 | D:9      | Found Cegodedu's Assorted Antiques.
 12616 | D:9      | 12616 ||| STAIRDANCE
 12630 | D:9      | 12630 ||| STAIRDANCE
 12632 | D:8      | 12632 ||| Stepping ~*~*~tactically~*~*~ (outnumbered).
 12646 | D:9      | 12646 ||| STAIRDANCE
 12648 | D:8      | 12648 ||| Stepping ~*~*~tactically~*~*~ (outnumbered).
 12649 | D:8      | 12649 ||| Stepping ~*~*~tactically~*~*~ (outnumbered).
 12650 | D:8      | 12650 ||| Stepping ~*~*~tactically~*~*~ (outnumbered).
 12651 | D:8      | Reached * piety under Okawaru
 12683 | D:9      | 12683 ||| INVOKING Heroism.
 12710 | D:9      | 12710 ||| BUYING lumpy blue amulet (160 gold).
 12710 | D:9      | Bought a lumpy blue amulet for 160 gold pieces
 12710 | D:9      | 12710 ||| BUYING potion of magic (256 gold).
 12710 | D:9      | Bought a potion of magic for 256 gold pieces
 12710 | D:9      | 12710 ||| BUYING scroll of identify (64 gold).
 12710 | D:9      | Bought a scroll of identify for 64 gold pieces
 12740 | D:9      | Noticed Psyche
 12741 | D:9      | 12741 ||| Stepping ~*~*~tactically~*~*~ (stealth).
 12742 | D:9      | 12742 ||| INVOKING Heroism.
 12747 | D:9      | Killed Psyche
 12819 | D:9      | 12819 ||| Stepping ~*~*~tactically~*~*~ (stealth).
 12822 | D:9      | 12822 ||| Stepping ~*~*~tactically~*~*~ (hiding).
 12830 | D:9      | Reached skill level 1 in Invocations
 12909 | D:9      | 12909 ||| INVOKING Heroism.
 12910 | D:9      | 12910 ||| INVOKING Heroism.
 12924 | D:9      | Reached ** piety under Okawaru
 13082 | D:9      | 13082 ||| Stepping ~*~*~tactically~*~*~ (hiding).
 13085 | D:9      | 13085 ||| Stepping ~*~*~tactically~*~*~ (hiding).
 13113 | D:9      | Found a white marble altar of Elyvilon.
 13139 | D:9      | 13139 ||| Stepping ~*~*~tactically~*~*~ (stealth).
 13141 | D:9      | 13141 ||| Stepping ~*~*~tactically~*~*~ (stealth).
 13142 | D:9      | 13142 ||| Stepping ~*~*~tactically~*~*~ (hiding).
 13150 | D:9      | 13150 ||| INVOKING Heroism.
 13228 | D:9      | You fall into a shaft and drop 3 floors!
 13229 | D:12     | Reached skill level 3 in Invocations
 13236 | D:12     | Noticed Jorgrun
 13237 | D:12     | 13237 ||| Stepping ~*~*~tactically~*~*~ (hiding).
 13237 | D:12     | You fall into a shaft and drop 3 floors!
 13237 | D:15     | Entered Level 15 of the Dungeon
 13238 | D:15     | 13238 ||| PLANNING GAUNTLET
 13349 | D:15     | 13349 ||| Stepping ~*~*~tactically~*~*~ (stealth).
 13363 | D:15     | 13363 ||| Stepping ~*~*~tactically~*~*~ (stealth).
 13376 | D:15     | 13376 ||| Stepping ~*~*~tactically~*~*~ (hiding).
 13378 | D:15     | 13378 ||| Stepping ~*~*~tactically~*~*~ (hiding).
 13382 | D:15     | 13382 ||| INVOKING Heroism.
 13383 | D:15     | 13383 ||| Stepping ~*~*~tactically~*~*~ (outnumbered).
 13387 | D:15     | Reached skill level 3 in Throwing
 13388 | D:15     | HP: 30/131 [something (11)]
 13389 | D:15     | 13389 ||| READING 7 scrolls of teleportation.
 13389 | D:15     | HP: 12/131 [two-headed ogre/+0 giant club (19)]
 13390 | D:15     | 13390 ||| DRINKING 4 potions of heal wounds.
 13391 | D:15     | 13391 ||| DRINKING 3 potions of heal wounds.
 13394 | D:15     | 13394 ||| DRINKING 2 potions of heal wounds.
 13395 | D:15     | 13395 ||| Stepping ~*~*~tactically~*~*~ (stealth).
 13497 | D:15     | 13497 ||| Invisible monster not found???
 13551 | D:15     | 13551 ||| Stepping ~*~*~tactically~*~*~ (hiding).
 13554 | D:15     | 13554 ||| INVOKING Heroism.
 13600 | D:15     | Found a gate leading to a gauntlet.
 13601 | D:15     | 13601 ||| UPGRADING to +0 troll leather armour.
 13611 | D:15     | 13611 ||| DROPPING +1 robe of the Stars {rN+ rCorr}.
 13612 | D:15     | 13612 ||| DROPPING amulet of magic regeneration.
 13618 | Gauntlet | Entered a Gauntlet
 13618 | Gauntlet | Found a transporter.
 13618 | Gauntlet | Found a transporter.
 13622 | Gauntlet | Found a transporter.
 13623 | Gauntlet | Found a transporter.
 13624 | Gauntlet | Found a large runed translucent door.
 13625 | Gauntlet | Found a large runed translucent door.
 13626 | Gauntlet | Found a large runed translucent door.
 13626 | Gauntlet | Found a large runed translucent door.
 13626 | Gauntlet | Found a runed translucent door.
 13626 | Gauntlet | Found a runed translucent door.
 13627 | Gauntlet | Found a large runed translucent door.
 13627 | Gauntlet | Found a large runed translucent door.
 13627 | Gauntlet | Found a large runed translucent door.
 13627 | Gauntlet | Found a large runed translucent door.
 13628 | Gauntlet | Found a large runed translucent door.
 13628 | Gauntlet | Found a large runed translucent door.
 13629 | Gauntlet | Found a large runed translucent door.
 13629 | Gauntlet | Found a large runed translucent door.
 13630 | Gauntlet | Found a runed translucent gate.
 13630 | Gauntlet | Found a runed translucent gate.
 13630 | Gauntlet | Found a runed translucent gate.
 13632 | Gauntlet | Found a transporter.
 13640 | Gauntlet | Found a transporter.
 13640 | Gauntlet | Noticed a balrug
 13642 | Gauntlet | Found a transporter.
 13642 | Gauntlet | Found a transporter.
 13646 | Gauntlet | Found a transporter.
 13681 | Gauntlet | Found a large runed translucent door.
 13682 | Gauntlet | Found a large runed translucent door.
 13684 | Gauntlet | Found a transporter.
 13706 | Gauntlet | Found a transporter.
 13727 | Gauntlet | Found a large runed translucent door.
 13728 | Gauntlet | Found a transporter.
 13728 | Gauntlet | Found a large runed translucent door.
 13770 | Gauntlet | Found a transporter.
 13784 | Gauntlet | Found a transporter.
 13885 | Gauntlet | Found a transporter.
 13907 | Gauntlet | Found a transporter.
 13999 | Gauntlet | 13999 ||| INVOKING Heroism.
 14024 | Gauntlet | 14024 ||| UPGRADING to +2 robe of resistance.
 14051 | Gauntlet | 14051 ||| INVOKING Heroism.
 14098 | Gauntlet | 14098 ||| DROPPING +0 cloak.
 14120 | Gauntlet | 14120 ||| INVOKING Heroism.
 14122 | Gauntlet | HP: 21/128 [balrug/fireball (21)]
 14123 | Gauntlet | 14123 ||| DRINKING potion of heal wounds.
 14123 | Gauntlet | Mangled by a balrug

Levels and vault maps discovered:
D:1:      dpeg_arrival_lava_altar, layout_loops_corners
D:2:      layout_basic, basic_altar, serial_shops,
          nicolae_shop_advertising_works [nicolae_subvault_shop_adworks],
          dk_noncrumbling_3, minmay_strange_pillars, minmay_misc_feat_pillars
D:3:      minmay_door_path, layout_loops_ring, slow_altar_1,
          ebering_ghost_disaster_area, serial_shops, shop,
          minmay_misc_feat_enclosed, grunt_ministairs_2, uniq_sigmund,
          uniq_crazy_yiuf_cottage
D:4:      layout_loops_ring, amcnicky_altar_gilded, nicolae_ossuary_entry_ruins,
          ebering_ghost_sewer_f
D:5:      due_chaos_kobolds, layout_loops_corners, lemuel_tele_altar,
          mainiacjoe_overflow_boulevard, lemuel_blue_sif_altar,
          minmay_temple_entry_enclosed_plants, nrook_mini_backslash,
          patterned_corridor
D:6:      layout_loops_cross, bloody_makhleb
D:7:      layout_basic, kennysheep_mini, mainiacjoe_overflow_brackets,
          mainiacjoe_overflow_24_doors, serial_shops, kennysheep_mini_moat,
          minmay_gold_behind_fungi
D:8:      layout_rooms, mainiacjoe_overflow_alcove_4,
          mainiacjoe_overflow_tiny_flanked, trog_book,
          nicolae_dithmenos_shadow_blocks, due_lair_maze_entry_diamond,
          uniq_pikel
D:9:      nzn_winding_woodlands_large [nzn_winding_woodlands_5x5_checkerboard,
          nzn_winding_woodlands_5x15_river_crossing,
          nzn_winding_woodlands_5x5_default,
          nzn_winding_woodlands_center_pierced_h,
          nzn_winding_woodlands_15x15_boxy_spiral,
          nzn_winding_woodlands_center_garden, nzn_winding_woodlands_5x5_cross,
          nzn_winding_woodlands_5x15_sawtooth,
          nzn_winding_woodlands_5x5_default], layout_irregular_city,
          nicolae_elyvilon_peaceful_grove, serial_shops, shop, uniq_maurice,
          uniq_psyche
D:12:     kennysheep_green_arena, layout_basic, uniq_jorgrun
D:15:     hangedman_depths_entry_civil_slaughter, layout_loops_corners,
          portal_ice_cave_entry_dragon, minivault_4, gauntlet_entry_generic,
          minmay_rotating_lava
Lair:1:   layout_hall_layers, grunt_megastairs_2
Lair:2:   layout_roguey, basic_altar, lemuel_fruit_tree
Lair:3:   layout_long_grid, elwin_shoals_entry_stream, dummy_spider_entry,
          gammafunk_ghost_wrathful_warriors, st_stairs_7, uniq_gastronok
Lair:4:   layout_loops_ring, grunt_forest_small_clearing_treed,
          infiniplex_staircase_pool_2, serial_bayou_shore_a
Lair:5:   minmay_lair_end_enchanted_forest, layout_hall_layers, slime_entry_2,
          small_statue_intersection, chequers_serial_rivers_small_3
Gauntlet: gammafunk_gauntlet_branching [gammafunk_gauntlet_arena_crates,
          nicolae_gauntlet_arena_quarters, gammafunk_gauntlet_arena_split_x,
          gammafunk_gauntlet_arena_split_diamond,
          minmay_gauntlet_arena_make_your_own_arena,
          nicolae_gauntlet_arena_flowing_pool, nicolae_gauntlet_arena_grate_2,
          nicolae_gauntlet_arena_t_cross, dreamdust_gauntlet_exit_labyrinth]

Skill      XL: |  1  2  3  4  5  6  7  8  9 10 11 12 13 |
---------------+----------------------------------------+-----
Unarmed Combat | 4 6 8 9 11 13 15 17 19 20 | 20.7
Fighting       | 3 4 5 6 7 9 |  9.1
Dodging        | 1 2 |  2.1
Throwing       | 1 2 3 |  3.0
Armour         | 1 2 |  2.0
Invocations    | 4 |  4.0
Spellcasting   | |  1.0
Fire Magic     | |  2.1

Action                   |  1- 3 |  4- 6 |  7- 9 | 10-12 | 13-15 || total
-------------------------+-------+-------+-------+-------+-------++-------
Melee: Unarmed           |    93 |   119 |   218 |   309 |   270 ||  1009
       Punch             |     2 |     6 |     6 |    28 |    25 ||    67
Throw: Boomerang         |       |       |    28 |    20 |     8 ||    56
Invok: Fiery Armour      |       |     1 |     2 |     9 |     1 ||    13
       Heroism           |       |       |       |       |     9 ||     9
  Use: Scroll            |     5 |    10 |     5 |     3 |     1 ||    24
       Potion            |       |     2 |     2 |     2 |     4 ||    10
Armor: Robe              |    33 |    19 |    47 |    67 |    31 ||   197
Dodge: Dodged            |    17 |    34 |    73 |   134 |   122 ||   380
       Repelled          |       |       |       |     1 |     1 ||     2

Table legend:
 A = Non-vault XP
 B = Vault XP
 C = Vault XP percentage of total XP
 D = Non-vault monster count
 E = Vault monster count
 F = Vault count percentage of total count
                 A         B        C        D         E       F
            +---------+---------+-------+---------+---------+-------
      Total |   42487 |   20614 |  32.7 |     288 |     118 |  29.1
            +---------+---------+-------+---------+---------+-------
        D:1 |      30 |       0 |   0.0 |      19 |       0 |   0.0
        D:2 |      38 |       0 |   0.0 |      19 |       0 |   0.0
        D:3 |      82 |     235 |  74.1 |      19 |      10 |  34.5
        D:4 |     138 |       0 |   0.0 |      13 |       0 |   0.0
        D:5 |     559 |     103 |  15.6 |      20 |       3 |  13.0
        D:6 |    1119 |       0 |   0.0 |      23 |       0 |   0.0
        D:7 |    1415 |       0 |   0.0 |      24 |       0 |   0.0
        D:8 |    1767 |    1694 |  48.9 |      23 |      10 |  30.3
        D:9 |    1614 |    3981 |  71.2 |      20 |      16 |  44.4
       D:15 |    3639 |       0 |   0.0 |       6 |       0 |   0.0
     Lair:1 |    3626 |       0 |   0.0 |       8 |       0 |   0.0
     Lair:2 |    6107 |       0 |   0.0 |      26 |       0 |   0.0
     Lair:3 |    6524 |    2949 |  31.1 |      21 |       5 |  19.2
     Lair:4 |    5055 |       0 |   0.0 |      16 |       0 |   0.0
     Lair:5 |   10774 |    9161 |  46.0 |      31 |      49 |  61.2
    Ossuary |       0 |     148 | 100.0 |       0 |      16 | 100.0
   Gauntlet |       0 |    2343 | 100.0 |       0 |       9 | 100.0
            +---------+---------+-------+---------+---------+-------
